 Dungeon Crawl Stone Soup version 0.30.1-11-g7821555f0a (webtiles) character file.

Game seed: 17254695595871395286

20947 bicepts the Thaumaturge (level 12, -1/97 HPs)
             Began as a Purple Draconian Ice Elementalist on Jan 9, 2024.
             Was a High Priest of Sif Muna.
             Slain by a demonic crawler (10 damage)
             ... on level 1 of the Spider Nest on Jan 10, 2024.
             The game lasted 02:04:09 (14402 turns).

bicepts the Thaumaturge (DrIE)                     Turns: 14402, Time: 02:04:10

Health: -1/97      AC: 15    Str: 17    XL:     12   Next: 49%
Magic:  16/28      EV: 15    Int: 18    God:    Sif Muna [*****.]
Gold:   1014       SH:  0    Dex: 12    Spells: 17/36 levels left

rFire   . . .        D - +4 spear (flame)
rCold   . . .        (no shield)
rNeg    . . .        (body armour unavailable)
rPois   .            G - +0 hat "Emyfryat" {Will+}
rElec   .            p - +2 cloak {rCorr}
rCorr   +            s - +0 pair of gloves
SInv    +            l - +2 pair of boots
Will    ++...        e - amulet of regeneration
Stlth   ++++         c - ring of see invisible
HPRegen 0.00/turn    y - ring "Odoabbap" {Str+6 Stlth+}
MPRegen 0.21/turn

%: no passive effects
@: inhibited regen
A: breathe power, AC +8, unfitting armour, cold-blooded, sense surroundings 1,
inhibited regeneration, weak 1
a: Breathe Dispelling Energy, Renounce Religion, Channel Magic, Forget Spell,
Divine Exegesis


You were on level 1 of the Spider Nest.
You worshipped Sif Muna.
Sif Muna was extremely pleased with you.
You visited 4 branches of the dungeon, and saw 16 of its levels.
You also visited: Volcano.

You collected 1014 gold pieces.

Inventory:

Hand Weapons
 j - a +1 morningstar
 t - a +1 hand axe of electrocution
 D - a +4 spear of flaming (weapon)
Missiles
 q - 28 poisoned darts
 z - 5 atropa-tipped darts
 A - 5 boomerangs of dispersal
 E - a throwing net
Armour
 l - a +2 pair of boots (worn)
 p - a +2 cloak of preservation (worn)
 s - a +0 pair of gloves (worn)
 G - the +0 hat "Emyfryat" (worn) {Will+}
   (You found it in a volcano)

   Will:      It increases your willpower.
Magical Staves
 B - a staff of earth
Jewellery
 c - a ring of see invisible (left hand)
 e - an amulet of regeneration (around neck)
 i - an amulet of faith
 k - a ring of flight
 y - the ring "Odoabbap" (right hand) {Str+6 Stlth+}
   (You found it on level 7 of the Dungeon)

   [ring of strength]

   Str:       It affects your strength (+6).
   Stlth:     It makes you more stealthy.
 H - a +6 ring of strength
Wands
 g - a wand of polymorph (5)
 m - a wand of paralysis (1)
 n - a wand of flame (6)
 w - a wand of digging (8)
 C - a wand of acid (11)
Scrolls
 b - 12 scrolls of teleportation
 v - a scroll of amnesia
 x - a scroll of enchant weapon
 J - a scroll of vulnerability {unknown}
 K - a scroll of enchant armour
Potions
 a - 6 potions of magic
 d - a potion of might {unknown}
 f - a potion of attraction
 h - 5 potions of lignification
 o - 2 potions of cancellation
 r - a potion of haste
 u - 5 potions of flight
 F - a potion of degeneration {unknown}
 I - a potion of berserk rage {unknown}


   Skills:
 + Level 6.9 Fighting
 + Level 5.4(6.2) Axes
 + Level 3.4(4.9) Maces & Flails
 + Level 2.7(4.4) Polearms
 + Level 8.0 Dodging
 + Level 6.0 Stealth
 + Level 0.1 Unarmed Combat
 + Level 12.5 Spellcasting
 + Level 0.1 Summonings
 + Level 3.1 Translocations
 + Level 11.2 Ice Magic


You had 17 spell levels left.
You knew the following spells:

 Your Spells              Type           Power      Damage    Failure   Level
a - Freeze                Ice            100%       1d10      1%          1
b - Ozocubu's Armour      Ice            51%        N/A       1%          3
c - Summon Ice Beast      Ice/Summ       31%        N/A       6%          4
d - Frozen Ramparts       Ice            100%       1d16      1%          3
e - Lesser Beckoning      Tloc           44%        N/A       2%          2
f - Gell's Gravitas       Tloc           22%        N/A       5%          3
g - Teleport Other        Tloc           22%        N/A       5%          3

Your spell library contained the following spells:

 Spells                   Type           Power      Damage    Failure   Level
 Leda's Liquefaction      Hex/Erth       5%         N/A       52%         4
 Summon Lightning Spire   Summ/Air       11%        N/A       52%         4
 Iskenderun's Battlesphe  Conj           11%        2d7       86%         5
 Lee's Rapid Deconstruct  Erth           5%         3d6*      86%         5
 Iron Shot                Conj/Erth      5%         9d2       100%        6
 Statue Form              Tmut/Erth      7%         N/A       100%        6
 Spellforged Servitor     Conj/Summ      5%         N/A       100%        7
 Storm Form               Tmut/Air       5%         N/A       100%        7
 Maxwell's Capacitive Co  Air            5%         ∞         100%        8


Dungeon Overview and Level Annotations

Branches:
Dungeon (11/15)            Temple (1/1) D:4            Lair (3/5) D:10
 Spider (1/4) Lair:2          Orc (0/2) D:10        Volcano (visited)
  Swamp: Lair:2-3    Shoals: Lair:2-3

Altars:
Ashenzari
Cheibriados
Dithmenos
Elyvilon
Fedhas
Gozag
Hepliaklqana
Kikubaaqudgha
Makhleb
Nemelex Xobeh
Okawaru
Qazlal
Ru
Sif Muna
Trog
Uskayaw
Vehumet
Wu Jian
Xom
Yredelemnul
Zin
The Shining One

Portals:
Abyss: D:9

Annotations:
D:9 1 transporter, turdburglar's ghost, novice FoFi


Innate Abilities, Weirdness & Mutations

You can breathe bolts of dispelling energy.
Your rich purple scales are hard. (AC +8)
You cannot fit into any form of body armour.
You are cold-blooded and may be slowed by cold attacks.
You passively map a small area around you.
You do not regenerate when monsters are visible.
You are weak. (Str -2)


Message History

Aim: a tormentor (heavily wounded)
You freeze the tormentor.
The tormentor is severely wounded.
The wall freezes the tormentor.
The tormentor misses you.
The tormentor hits you but does no damage.
The wall freezes the demonic crawler!
Aiming: Freeze (safe; 1% risk of failure)
Press: ? - help, Q - select action, (/) - cycle Shift-Dir - straight line, f/p - tormentor
Aim: a tormentor (almost dead)
You freeze the tormentor.
The tormentor is almost dead.
The wall freezes the tormentor.
The tormentor completely misses you.
The tormentor hits you but does no damage.
The wall freezes the demonic crawler but does no damage.
The wall freezes the tormentor.
You kill the tormentor!
Sif Muna accepts your kill.
The wall freezes the demonic crawler.
The demonic crawler hits you!
* * * LOW HITPOINT WARNING * * *
The demonic crawler hits you!
* * * LOW HITPOINT WARNING * * *
The demonic crawler hits you!
* * * LOW HITPOINT WARNING * * *
Your icy armour and frozen ramparts will break if you move.
Continue?
Your icy armour cracks and falls away as you move.
The frozen ramparts melt away as you move.
Found a scroll of magic mapping.
A redback comes into view.
Found a scroll of identify.
The demonic crawler attacks as you move away!
The demonic crawler barely misses you. x2
The demonic crawler closely misses you.
The demonic crawler completely misses you. x2
The demonic crawler hits you but does no damage.
The demonic crawler attacks as you move away!
The demonic crawler hits you.
* * * LOW HITPOINT WARNING * * *
The demonic crawler barely misses you. x2;
Found a scroll of immolation.
The demonic crawler hits you!
You die...

#..#.....#.#..#,...
,
##.#..#.##.#..##..#
* ##....^†#...##..#
, , ###..##.#..#..#
, , *
#....#.#....?# * ,
###..#...#.###..
#......>.......^
##^##.##s.###..#
#.....#.@## .# * **
####..#..# , . * *
*, #..##.. , ,
,#.#..# , * ,.....
, ...### , , ,,
?.., * * , .#.. , *


You could see a demonic crawler.

Vanquished Creatures
  Erica (D:9)
  A two-headed ogre (D:8)
  A deep elf archer (Volcano)
  Pikel (D:4)
  7 deep elf pyromancers (Volcano)
  A cyclops (D:10)
  A worldbinder (D:9)
  A cane toad (shapeshifter) (D:8)
  2 cane toads (Lair:2)
  A kobold demonologist (D:9)
  3 komodo dragons
  A tormentor (Spider:1)
  A red devil (D:9)
  2 trolls
  A polar bear (D:10)
  A meliai (Lair:2)
  A tarantella (Spider:1)
  8 blink frogs (Lair:1)
  2 centaur simulacra (D:10)
  3 wyverns
  3 basilisks (Lair:2)
  A wraith (D:10)
  3 fire bats (Lair:1)
  15 yaks
  5 fire elementals (Volcano)
  A steam dragon (D:7)
  2 vampire mosquitoes (D:10)
  6 hell hounds (Volcano)
  3 water moccasins
  A sky beast (D:8)
  5 orc warriors (D:10)
  2 ice beasts (D:10)
  3 black bears
  3 ogres (D:5)
  4 centaurs
  2 kobold brigands
  4 bullfrogs
  A small abomination (D:9)
  A gnoll sergeant (D:10)
  2 scorpions
  20 killer bees
  2 electric eels (D:10)
  A jelly (D:7)
  4 hounds
  6 orc priests
  Crazy Yiuf (D:4)
  2 sleepcaps
  Ijyb (D:4)
  3 iguanas
  11 orc wizards
  8 gnolls
  9 adders
  8 white imps
  A howler monkey simulacrum (D:10)
  2 ufetubi
  A worm (D:2)
  4 dart slugs
  37 orcs
  7 ball pythons
  7 endoplasms
  3 giant cockroaches
  5 goblins
  6 hobgoblins
  9 jackals
  11 kobolds
  3 quokkas
  7 bats
  3 frilled lizards
  3 rats
292 creatures vanquished.

Vanquished Creatures (collateral kills)
  A yak (D:10)
  A jelly (D:6)
  An orc wizard (D:6)
  A hobgoblin (D:2)
4 creatures vanquished.

Vanquished Creatures (others)
  An orc wizard (D:3)
  An orc (D:10)
2 creatures vanquished.

Grand Total: 298 creatures vanquished

Notes
Turn   | Place    | Note
-------+----------+-------------------------------------------
     0 | D:1      | bicepts the Draconian Ice Elementalist began the quest for
                  | the Orb.
     0 | D:1      | Reached XP level 1. HP: 14/14 MP: 3/3
   209 | D:1      | Reached XP level 2. HP: 15/20 MP: 3/5
  1216 | D:2      | Reached XP level 3. HP: 26/26 MP: 4/6
  1294 | D:2      | Reached skill level 1 in Fighting
  1758 | D:2      | Reached XP level 4. HP: 35/35 MP: 4/7
  1794 | D:2      | Learned a level 3 spell: Ozocubu's Armour
  1799 | D:2      | Learned a level 4 spell: Summon Ice Beast
  2894 | D:3      | Found a white marble altar of Elyvilon.
  2918 | D:3      | Became a worshipper of Elyvilon the Healer
  3215 | D:3      | Reached skill level 5 in Ice Magic
  3215 | D:3      | Reached XP level 5. HP: 40/40 MP: 9/9
  3342 | D:4      | Noticed a lemure
  3343 | D:4      | Noticed a lemure
  3344 | D:4      | Noticed Pikel
  3346 | D:4      | Noticed a lemure
  3373 | D:4      | Noticed a lemure
  3384 | D:4      | Paralysed by Pikel for 5 turns
  3391 | D:4      | Paralysed by Pikel for 4 turns
  3399 | D:4      | Killed Pikel
  3400 | D:4      | Reached skill level 3 in Spellcasting
  3400 | D:4      | Reached XP level 6. HP: 27/48 MP: 3/11
  3400 | D:4      | Your scales start taking on a rich purple colour.
  3400 | D:4      | Reached skill level 4 in Spellcasting
  3400 | D:4      | Reached XP level 7. HP: 30/53 MP: 3/14
  3533 | D:4      | Found a staircase to the Ecumenical Temple.
  3542 | Temple   | Entered the Ecumenical Temple
  3615 | Temple   | Fell from the grace of Elyvilon
  3615 | Temple   | Became a worshipper of Sif Muna the Loreminder
  3621 | Temple   | Learned a level 3 spell: Frozen Ramparts
  3624 | Temple   | Learned a level 2 spell: Lesser Beckoning
  3808 | D:4      | Noticed Ijyb
  3867 | D:4      | Killed Ijyb
  3868 | D:4      | Reached skill level 5 in Spellcasting
  4096 | D:4      | Found a snail-covered altar of Cheibriados.
  4230 | D:4      | Found a runed translucent door.
  4231 | D:4      | Noticed Crazy Yiuf
  4246 | D:4      | Killed Crazy Yiuf
  4752 | D:5      | Entered Level 5 of the Dungeon
  4892 | D:5      | Reached * piety under Sif Muna
  5055 | D:5      | Reached XP level 8. HP: 30/61 MP: 10/16
  5305 | D:5      | Reached skill level 1 in Translocations
  5386 | D:5      | Reached skill level 6 in Spellcasting
  5502 | D:5      | Noticed a troll
  5520 | D:5      | Killed a troll
  5603 | D:5      | Found a bloodstained altar of Trog.
  5662 | D:5      | Found a broken altar of Ashenzari.
  5667 | D:5      | Found a basalt altar of Yredelemnul.
  5714 | D:5      | Learned a level 3 spell: Gell's Gravitas
  6102 | D:6      | Reached ** piety under Sif Muna
  6125 | D:6      | Reached skill level 1 in Axes
  6125 | D:6      | Reached skill level 7 in Spellcasting
  6142 | D:6      | Found an opulent altar of Gozag.
  6142 | D:6      | Found a blossoming altar of Fedhas.
  6256 | D:6      | Reached XP level 9. HP: 68/68 MP: 10/19
  6460 | D:6      | Reached skill level 5 in Dodging
  6928 | D:7      | Identified the ring "Odoabbap" {Str+6 Stlth+}
  7697 | D:7      | Reached *** piety under Sif Muna
  8026 | D:8      | Reached skill level 8 in Spellcasting
  8196 | D:8      | Reached XP level 10. HP: 80/80 MP: 16/22
  8441 | D:8      | Identified the +2 helmet of Gestures {rElec rF- rN+ rCorr}
  8461 | D:8      | Noticed a cane toad
  8468 | D:8      | Killed a cane toad
  8469 | D:8      | Reached skill level 5 in Fighting
  8638 | D:8      | Reached skill level 5 in Stealth
  8806 | D:8      | Noticed a two-headed ogre
  8822 | D:8      | Killed a two-headed ogre
  9419 | D:9      | Noticed Erica
  9454 | D:9      | Killed Erica
  9633 | D:9      | Learned a level 3 spell: Teleport Other
  9666 | D:9      | Reached **** piety under Sif Muna
  9693 | D:9      | Found a transporter.
  9693 | D:9      | Noticed a brown ugly thing
  9701 | D:9      | Found a transporter.
  9778 | D:9      | You fall into a shaft and drop 2 floors!
  9829 | D:11     | Noticed a two-headed ogre
  9832 | D:11     | Noticed a two-headed ogre
  9841 | D:11     | Noticed a boulder beetle
  9849 | D:10     | Entered Level 10 of the Dungeon
 10114 | D:10     | Reached skill level 5 in Axes
 10351 | D:9      | Noticed a thrashing horror
 10381 | D:9      | Noticed turdburglar's ghost (novice FoFi)
 10395 | D:9      | Noticed a skeletal warrior
 10512 | D:9      | Reached skill level 9 in Spellcasting
 10534 | D:9      | Reached XP level 11. HP: 89/89 MP: 15/24
 11000 | D:9      | Found a one-way gate to the infinite horrors of the Abyss.
 11004 | D:9      | Noticed a deep elf pyromancer
 11005 | D:9      | Noticed a deep elf zephyrmancer
 11158 | D:10     | Found a staircase to the Lair.
 11641 | D:10     | Reached skill level 1 in Polearms
 11714 | D:10     | Found a staircase to the Orcish Mines.
 11790 | D:10     | Reached skill level 10 in Spellcasting
 12071 | D:10     | Found an ancient bone altar of Kikubaaqudgha.
 12134 | D:10     | Gained mutation: Your body sometimes deteriorates upon
                  | taking damage. [potion of mutation]
 12134 | D:10     | Gained mutation: You expend magic power (3 MP) to
                  | strengthen your wands. [potion of mutation]
 12136 | D:10     | Lost mutation: Your body sometimes deteriorates upon taking
                  | damage. [potion of mutation]
 12136 | D:10     | Lost mutation: You expend magic power (3 MP) to strengthen
                  | your wands. [potion of mutation]
 12136 | D:10     | Gained mutation: You are weak. (Str -2) [potion of
                  | mutation]
 12136 | D:10     | Gained mutation: Your magical capacity is low. (-10% MP)
                  | [potion of mutation]
 12136 | D:10     | Gained mutation: Your mind is acute. (Int +4, Str/Dex -1)
                  | [potion of mutation]
 12137 | D:10     | Lost mutation: Your magical capacity is low. (-10% MP)
                  | [potion of mutation]
 12137 | D:10     | Lost mutation: Your mind is acute. (Int +4, Str/Dex -1)
                  | [potion of mutation]
 12137 | D:10     | Gained mutation: You passively map a small area around you.
                  | [potion of mutation]
 12137 | D:10     | Gained mutation: You do not regenerate when monsters are
                  | visible. [potion of mutation]
 12277 | Lair:1   | Entered Level 1 of the Lair of Beasts
 12955 | Lair:1   | Found a dark tunnel.
 12965 | Volcano  | Entered a volcano
 12980 | Volcano  | Reached skill level 10 in Ice Magic
 13034 | Volcano  | Noticed a deep elf pyromancer
 13039 | Volcano  | Noticed a deep elf pyromancer
 13087 | Volcano  | Noticed a deep elf pyromancer
 13087 | Volcano  | Noticed a deep elf pyromancer
 13097 | Volcano  | Noticed a deep elf pyromancer
 13120 | Volcano  | Reached skill level 11 in Spellcasting
 13187 | Volcano  | Killed a deep elf pyromancer
 13229 | Volcano  | Noticed a deep elf pyromancer
 13235 | Volcano  | Killed a deep elf pyromancer
 13236 | Volcano  | Reached XP level 12. HP: 97/97 MP: 15/27
 13425 | Volcano  | Reached skill level 12 in Spellcasting
 13507 | Volcano  | Identified the +0 hat "Emyfryat" {Will+}
 14066 | Lair:2   | Found a hole to the Spider Nest.
 14237 | Lair:2   | Reached ***** piety under Sif Muna
 14358 | Spider:1 | Entered Level 1 of the Spider Nest
 14402 | Spider:1 | Slain by a demonic crawler

Illustrated notes

Levels and vault maps discovered:
D:1:      psy_arrival_conway, layout_loops_ring, chequers_serial_rivers_large_a,
          chequers_arboretum, nicolae_eternal_life
D:2:      layout_basic, kennysheep_generic_room_16
D:3:      layout_rooms, old_standard_altar, skrybe_limestone_x
D:4:      layout_cave_pools, kennysheep_slug_shrine, lemuel_temple_firewalk_b,
          uniq_crazy_yiuf_cottage, uniq_ijyb, uniq_pikel
D:5:      layout_gridville, trog_ov_bears_minmay, mainiacjoe_overflow_big_doors
D:6:      layout_loops_cross, gammafunk_temple_overflow_wave
D:7:      layout_loops_cross, serial_glass, glass_columns_b, glass_columns_c,
          serial_park_tiny_2, kennysheep_nondescript
D:8:      kennysheep_six_static_rooms, layout_basic
D:9:      layout_roguey, gammafunk_ghost_abyssal_escape, uniq_erica
D:10:     layout_basic, mainiacjoe_overflow_alcove_1, lair_entry_dummy,
          david_orc_4, serial_ice, serial_ice_e, serial_ice_l, serial_ice_c,
          serial_ice_f, serial_ice_m, serial_ice_a
D:11:     layout_cave_pools, kb_lookout_dungeons_type, feat_on_display
Temple:   compressed_dpeg_circular_temple
Lair:1:   layout_loops_ring, nicolae_volcano_entry_batcave,
          chequers_serial_rivers_marsh, infiniplex_staircase_pool_2
Lair:2:   layout_hall_layers, hellmonk_spider_entry_not_the_bees,
          serial_bayou_shore_b, lemuel_fruit_tree
Lair:3:   layout_cave_pods, minmay_shoals_entry_hut, nicolae_lair_lindhole,
          uniq_prince_ribbit2, uniq_kirke
Spider:1: layout_spider_delve, hellmonk_watch_for_rolling_rocks

Skill      XL: |  1  2  3  4  5  6  7  8  9 10 11 12 |
---------------+-------------------------------------+-----
Dodging        | 2 3 4 5 6 7 8 |  8.0
Fighting       | 1 2 4 6 |  6.9
Stealth        | 2 3 4 5 6 |  6.0
Ice Magic      | 5 6 7 8 9 10 11 | 11.2
Maces & Flails | 2 3 |  3.4
Spellcasting   | 3 4 5 7 8 9 11 12 | 12.5
Translocations | 1 2 3 |  3.1
Axes           | 1 3 5 |  5.4
Polearms       | 2 |  2.7
Unarmed Combat | |  0.1
Summonings     | |  0.1

Action                     |  1- 3 |  4- 6 |  7- 9 | 10-12 || total
---------------------------+-------+-------+-------+-------++-------
  Melee: Unarmed           |    47 |       |       |       ||    47
         Tailslap          |     9 |     9 |    48 |    52 ||   118
         Club              |    40 |    88 |       |       ||   128
         Punch             |       |     4 |     4 |     3 ||    11
         Whip              |       |       |   130 |       ||   130
         Hand axe          |       |       |   136 |   177 ||   313
         Spear             |       |       |       |   183 ||   183
   Cast: Freeze            |    39 |    24 |    69 |   145 ||   277
         Ozocubu's Armour  |       |     3 |    17 |    39 ||    59
         Summon Ice Beast  |       |     1 |     2 |     1 ||     4
         Lesser Beckoning  |       |       |     7 |    22 ||    29
         Frozen Ramparts   |       |       |    17 |    51 ||    68
         Teleport Other    |       |       |       |     2 ||     2
         Gell's Gravitas   |       |       |       |     1 ||     1
  Evoke: Wand              |       |       |     2 |     3 ||     5
    Use: Scroll            |     2 |     3 |    12 |     9 ||    26
         Potion            |       |     5 |     1 |    13 ||    19
   Stab: Paralysed         |       |       |    14 |       ||    14
         Sleeping          |       |       |     3 |     2 ||     5
 Armour: Skin              |    37 |    67 |   146 |   323 ||   573
  Dodge: Dodged            |    94 |    58 |   208 |   508 ||   868
